 Dungeon Crawl Stone Soup version 0.17-b1-20-g63edfd6 (webtiles) character file.

358948 dvd the Imperceptible (level 21, -4/107 HPs)
             Began as a Spriggan Enchanter on Nov 2, 2015.
             Was the Champion of Dithmenos.
             Slain by a vault warden
             ... wielding a cursed +0 war axe
              (23 damage)
             ... on level 4 of the Vaults on Nov 4, 2015.
             The game lasted 07:27:10 (62438 turns).

dvd the Imperceptible (Spriggan Enchanter)         Turns: 62438, Time: 07:27:10

Health: -4/107     AC: 22    Str:  4    XL:     21   Next: 44%
Magic:  12/44      EV: 32    Int: 30    God:    Dithmenos [******]
Gold:   5791       SH: 11    Dex: 17    Spells: 13 memorised, 9 levels left

rFire  + + +     SeeInvis +     a - +7 short sword (venom)
rCold  + . .     Clarity  +     L - +2 robe {Archmagi}
rNeg   + . .     SustAt   .     (shield restricted)
rPois  +         Gourm    .     I - -2 hat of the Alchemist {rElec rPois rF+ rC+ rN+ MR+ rMut rCorr}
rElec  +         Spirit   .     t - +2 cloak {+Inv}
rCorr  +         Warding  .     (gloves unavailable)
rMut   +         Stasis   .     (boots unavailable)
MR     ++++.                    q - amulet of clarity
Stlth  ++++++++++               M - +5 ring of protection
                                g - ring "Xouwne" {rF+ Int+4}

@: icy armour, about to teleport, icy shield, aura of abjuration, regenerating,
wreathed by umbra, repel missiles, very quick, incredibly resistant to hostile
enchantments, uncannily stealthy
A: unfitting armour, see invisible, fire resistance 1, herbivore 3, speed 3,
robust 1, slow metabolism 2
a: Shadow Step, Shadow Form, Renounce Religion, Evoke Invisibility
}: 2/15 runes: barnacled, gossamer


You were on level 4 of the Vaults.
You worshipped Dithmenos.
Dithmenos was exalted by your worship.
You were not hungry.

You visited 8 branches of the dungeon, and saw 43 of its levels.
You also visited: Ossuary, Ice Cave and Volcano.

You collected 6211 gold pieces.
You spent 420 gold pieces at shops.

Inventory:

Hand Weapons
 a - a +7 short sword of venom (weapon)
 b - a +3 shortbow
 H - a +3 quick blade of holy wrath
Missiles
 o - 950 arrows
 B - 80 tomahawks
 R - 34 arrows of frost
 W - 7 poisoned tomahawks (quivered)
Armour
 t - a +2 cloak of invisibility (worn)
 I - the -2 hat of the Alchemist (worn) {rElec rPois rF+ rC+ rN+ MR+ rMut rCorr}
   (You found it on level 4 of the Shoals)

   It protects you from fire.
   It protects you from cold.
   It insulates you from electricity.
   It protects you from poison.
   It protects you from negative energy.
   It affects your resistance to hostile enchantments.
   It protects you from acid and corrosion.
   It protects you from mutation.
 L - a +2 robe of the Archmagi (worn)
Jewellery
 g - the ring "Xouwne" (left hand) {rF+ Int+4}
   (You took it off a deep elf fighter on level 3 of the Elven Halls)

   [ring of intelligence]

   It affects your intelligence (+4).
   It protects you from fire.
 q - an amulet of clarity (around neck)
 s - the ring of Xesapp {+Fly rPois rC+ MP+9 Str-5}
   (You took it off a deep elf conjurer on level 3 of the Elven Halls)

   [ring of poison resistance]

   It affects your strength (-5).
   It protects you from cold.
   It protects you from poison.
   It affects your magic capacity (+9).
   It lets you fly.
 w - a +6 ring of dexterity
 M - a +5 ring of protection (right hand)
Wands
 D - a wand of digging (9)
 E - a wand of lightning (7)
 S - a wand of hasting (8)
 X - a wand of cold (9)
Scrolls
 i - 30 scrolls of identify
 p - 3 scrolls of amnesia
 u - 3 scrolls of recharging
 v - 16 scrolls of teleportation
 C - a scroll of magic mapping
 K - a scroll of silence
 O - 2 scrolls of enchant armour
 P - 2 scrolls of fear
 Q - 3 scrolls of blinking
 T - 3 scrolls of summoning
 V - 6 scrolls of remove curse
Potions
 f - 13 potions of curing
 j - 9 potions of agility
 l - a potion of magic
 r - 6 potions of invisibility
 z - 8 potions of flight
 A - 6 potions of might
 F - a potion of resistance
 J - 2 potions of cure mutation
 N - a potion of haste
 U - 2 potions of brilliance
 Y - a potion of cancellation
Books
 c - a book of Ice

   Spells                             Type                      Level
   a - Ice Form                       Ice/Transmutation            4
   b - Metabolic Englaciation         Hexes/Ice                    5
   c - Ozocubu's Refrigeration        Ice                          6
   d - Bolt of Cold                   Conjuration/Ice              6
   e - Freezing Cloud                 Conjuration/Ice/Air          6
   f - Simulacrum                     Ice/Necromancy               6
 e - a book of Debilitation

   Spells                             Type                      Level
   a - Corona                         Hexes                        1
   b - Slow                           Hexes                        2
   c - Gell's Gravitas                Hexes/Translocation          3
   d - Inner Flame                    Hexes/Fire                   3
   e - Cause Fear                     Hexes                        4
   f - Leda's Liquefaction            Hexes/Earth                  4
 h - a book of Callings

   Spells                             Type                      Level
   a - Summon Small Mammal            Summoning                    1
   b - Call Imp                       Summoning                    2
   c - Call Canine Familiar           Summoning                    3
   d - Summon Guardian Golem          Hexes/Summoning              3
   e - Summon Lightning Spire         Summoning/Air                4
   f - Summon Ice Beast               Ice/Summoning                4
 k - a Fen Folio

   Spells                             Type                      Level
   a - Corpse Rot                     Necromancy                   2
   b - Stone Arrow                    Conjuration/Earth            3
   c - Leda's Liquefaction            Hexes/Earth                  4
   d - Summon Forest                  Summoning/Translocation      5
   e - Hydra Form                     Transmutation                6
   f - Summon Hydra                   Summoning                    7
 m - the Grimoire of Augmentations
   (You found it on level 3 of the Elven Halls)

   Spells                             Type                      Level
   a - Infusion                       Charms                       1
   b - Spectral Weapon                Hexes/Charms                 3
   c - Excruciating Wounds            Charms/Necromancy            5
 n - a book of Summonings

   Spells                             Type                      Level
   a - Recall                         Summoning/Translocation      3
   b - Aura of Abjuration             Summoning                    5
   c - Shadow Creatures               Summoning                    5
   d - Summon Demon                   Summoning                    5
   e - Summon Forest                  Summoning/Translocation      5
   f - Summon Mana Viper              Hexes/Summoning              5
 Z - a book of Dreams

   Spells                             Type                      Level
   a - Ensorcelled Hibernation        Hexes/Ice                    2
   b - Phase Shift                    Translocation                5
   c - Shadow Creatures               Summoning                    5
   d - Silence                        Hexes/Air                    5
   e - Darkness                       Hexes                        6
   f - Mass Confusion                 Hexes                        6
Comestibles
 d - 11 bread rations
 x - 11 fruits
 G - 3 royal jellies


   Skills:
 + Level 5.8 Fighting
 + Level 9.8 Short Blades
 + Level 5.4 Bows
 - Level 0.2 Throwing
 + Level 16.7 Dodging
 + Level 26.7 Stealth
 + Level 0.1 Unarmed Combat
 + Level 18.8 Spellcasting
 + Level 15.7 Hexes
 * Level 13.0 Charms
 * Level 8.6 Summonings
 * Level 8.2 Necromancy
 + Level 2.7 Translocations
   Level 2.3 Transmutations
 + Level 10.0 Ice Magic
 + Level 1.5 Air Magic
   Level 1.4 Earth Magic
 + Level 3.5 Invocations
 + Level 2.3 Evocations


You had 9 spell levels left.
You knew the following spells:

 Your Spells              Type           Power        Failure   Level  Hunger
a - Confuse               Hex            ########     0%          3    None
b - Ensorcelled Hibernat  Hex/Ice        ######       0%          2    None
c - Tukima's Dance        Hex            ########     0%          3    None
d - Ozocubu's Refrigerat  Ice            #######...   4%          6    None
e - Summon Mana Viper     Hex/Summ       ########     1%          5    None
f - Ozocubu's Armour      Chrm/Ice       #######.     1%          3    None
g - Condensation Shield   Ice            #######...   1%          4    None
i - Mass Confusion        Hex            ########..   1%          6    None
j - Repel Missiles        Chrm/Air       ######       1%          2    None
k - Blink                 Tloc           N/A          1%          2    None
l - Regeneration          Chrm/Necr      #######...   1%          3    None
n - Summon Ice Beast      Ice/Summ       #######.     1%          4    None
o - Aura of Abjuration    Summ           #######...   1%          5    None


Dungeon Overview and Level Annotations

Branches:
Dungeon (15/15)            Temple (1/1) D:5            Lair (8/8) D:11
 Shoals (4/4) Lair:4       Spider (4/4) Lair:4        Slime (0/6) Lair:6
    Orc (4/4) D:12            Elf (3/3) Orc:3        Vaults (4/5) D:13
  Crypt (0/3) Vaults:3     Depths (0/5) D:15

Altars:
Ashenzari
Cheibriados
Dithmenos
Elyvilon
Fedhas
Gozag
Kikubaaqudgha
Makhleb
Nemelex Xobeh
Okawaru
Qazlal
Ru
Sif Muna
Trog
Vehumet
Xom
Yredelemnul
Zin
The Shining One
Jiyva

Shops:
D:4 (   D:7 !   D:11 =   D:13 %   D:15 (**:   Orc:1 :   Orc:4 ([}}   Elf:1 %
Elf:2 [   Vaults:1 *   Vaults:2 [(   Vaults:4 ==

Portals:
Hell: Lair:8
Trove: Elf:1 (give 6 potions of haste)

Annotations:
D:1 Jessica


Innate Abilities, Weirdness & Mutations

You are tiny and cannot use many weapons and most armour.
You have supernaturally acute eyesight.
You are a herbivore.
You cover ground extremely quickly.
You need consume almost no food.
Your flesh is heat resistant.
You are robust (+10% HP).


Message History

The stone giant completely misses you.
Casting: Mass Confusion
Confirm with . or Enter, or press ? or * to list all spells.
You feel a surge of power!
A crackling disc of dense vapour forms in the air!
You block the stone giant's attack.
You puncture the vault warden!
The vault warden is poisoned.
The vault warden is lightly wounded.
The runic seals fade away.
The vault warden activates a sealing rune.
The vault warden hits you with a war axe!!!
* * * LOW HITPOINT WARNING * * *
You emit a cloud of dark smoke.
Drink which item? (? for menu, Esc to quit)
You feel much better.
The vault warden hits you with a great sword!!
* * * LOW HITPOINT WARNING * * *
The stone giant closely misses you.
The vault warden hits you with a war axe!!
You die...

#..).# #....#.....#......#.
#..#.###.#..#...†.#......'.
#..#.....#..#.....#......##
#..###.###..#.....#......#
#...........'.....#......#
#...........#.....#......#
########+####....)#......#
#§pC§##.....########
#§Qp@##.....# #§ppp##.....#
#..cc##.....# +....##.....#
######


You could see a stone giant, 3 vault wardens, a tengu reaver, a vault guard, an
ironbrand convoker and 2 yaktaurs.

Vanquished Creatures
  Arachne (Spider:2)
  A lich (Vaults:4)
  Jorgrun (Shoals:4)
  The ghost of hexophile the Merfolkian Porcupine, an adept MfFi of Okawaru (Vaults:3)
  A deep elf blademaster (Elf:3)
  A deep elf master archer (Elf:3)
  A kraken (Shoals:2)
  Polyphemus (Shoals:3)
  A sphinx (D:15)
  4 deep elf sorcerers
  Donald (Elf:2)
  4 vault wardens
  An orc warlord (Orc:4)
  10 emperor scorpions
  3 ghost moths (Spider:4)
  11 ironheart preservers
  3 stone giants
  4 deep elf demonologists (Elf:3)
  The ghost of 1viktor the Severer, a journeyman MiFi of Makhleb (Lair:6)
  A salamander stormcaller (Vaults:2)
  A dire elephant (Lair:8)
  4 deep elf annihilators
  An ettin (D:15)
  5 merfolk javelineers
  4 deep elf death magi (Elf:3)
  Snorg (D:11)
  A fire dragon (Vaults:1)
  8 vault guards
  9 merfolk impalers
  A great orb of eyes (Vaults:2)
  5 entropy weavers
  Fannar (Lair:2)
  13 hydras
  Harold (D:11)
  5 yaktaur captains
  10 centaur warriors
  11 ogre magi
  2 catoblepae
  Erica (D:9)
  2 merfolk avatars
  10 death yaks
  A deep troll shaman (Vaults:2)
  2 deep troll earth magi (Vaults:4)
  3 satyrs
  7 dancing weapons (Elf:2)
  2 merfolk aquamancers (Shoals:4)
  2 orc high priests
  Sonja (Lair:1)
  2 fire crabs
  4 unseen horrors
  9 deep elf knights
  2 storm dragon skeletons (Vaults:3)
  9 skeletal warriors
  A sun demon (Lair:8)
  2 giant orange brains
  7 sea snakes
  A flayed ghost (Vaults:3)
  10 deep elf summoners
  13 deep trolls
  14 orc knights
  15 orb spiders
  A wizard (Lair:8)
  14 deep elf conjurers
  18 wolf spiders
  27 ugly things
  9 harpies
  A lindwurm (Lair:7)
  10 hill giants
  14 fauns
  A tengu skeleton (Vaults:3)
  10 ironbrand convokers
  4 orc sorcerers
  A shadow dragon skeleton (Vaults:3)
  4 water nymphs
  6 manticores
  A necromancer (Vaults:2)
  5 black mambas
  3 hornets
  A moth of wrath (Spider:4)
  A harpy (shapeshifter) (Vaults:4)
  7 cyclopes
  13 griffons
  A smoke demon (Lair:8)
  A stone giant skeleton (Vaults:3)
  26 elephants
  A molten gargoyle (Volcano)
  8 sirens
  A centaur zombie (D:14)
  4 vault sentinels
  4 torpor snails
  17 spiny frogs
  2 gargoyles
  11 yaktaurs
  12 demonic crawlers
  2 orange demons (Lair:8)
  6 fire drakes
  A redback zombie (D:14)
  13 deep elf priests
  A hellwing (Lair:8)
  A kobold demonologist (Vaults:3)
  4 red devils (Lair:8)
  A yaktaur skeleton (Vaults:2)
  37 jumping spiders
  A guardian mummy (Elf:1)
  3 blue devils (Lair:8)
  20 two-headed ogres
  4 freezing wraiths
  9 trolls
  8 komodo dragons
  18 merfolk
  A tengu conjurer (D:15)
  2 polar bears
  2 wind drakes (Shoals:4)
  5 boulder beetles
  19 slime creatures
  A troll (shapeshifter) (Vaults:4)
  A trapdoor spider zombie (D:10)
  32 blink frogs
  25 deep elf magi
  An ettin zombie (Vaults:2)
  4 snapping turtles
  A vampire (D:15)
  29 tarantellas
  25 trapdoor spiders
  5 water elementals
  A tarantella (shapeshifter) (D:14)
  3 wyverns
  2 ettin skeletons (Vaults:3)
  32 redbacks
  76 yaks
  3 basilisks
  22 deep elf fighters
  3 wraiths
  Eustachio (D:4)
  A golden eye (shapeshifter) (D:14)
  A hog (shapeshifter) (Vaults:2)
  A steam dragon (D:8)
  12 hippogriffs
  12 vampire mosquitoes
  4 hungry ghosts
  12 wolves
  A hornet simulacrum (D:15)
  21 water moccasins
  6 wargs
  A hell hound (Lair:8)
  2 soldier ants (D:8)
  10 porcupines
  4 mottled dragons
  5 black bears
  2 wasps
  29 orc warriors
  25 centaurs
  3 sky beasts
  11 ice beasts
  2 phantoms
  16 boggarts
  An eye of draining (D:8)
  29 spiders
  53 ogres
  5 human skeletons (Vaults:3)
  15 crocodiles
  A big kobold (D:13)
  26 giant frogs
  3 water moccasin zombies (Ossuary)
  7 scorpions
  10 killer bees
  3 human simulacra (Vaults:2)
  An electric eel (Lair:4)
  5 wights
  7 crimson imps
  3 giant frog zombies
  2 jellies
  Crazy Yiuf (D:2)
  30 orc priests
  10 hounds
  2 lava snakes (Volcano)
  24 orc wizards
  3 centaur skeletons
  7 iguanas
  Natasha (thrice) (D:4)
  11 worker ants
  13 sheep
  2 big kobold zombies (Ossuary)
  2 mummies (Ossuary)
  7 gnolls
  10 adders
  A worker ant zombie (D:8)
  42 river rats
  5 shadow imps
  12 white imps (D:11)
  2 oozes
  An adder skeleton (D:8)
  7 adder zombies
  3 worms
  6 giant geckos
  235 orcs
  2 ball pythons
  4 gnoll zombies (Ossuary)
  9 hobgoblins
  7 jackals
  6 quokkas
  11 bats
  7 giant cockroaches
  2 giant gecko skeletons
  2 giant newts
  6 goblins
  7 hobgoblin zombies (Ossuary)
  15 kobolds
  3 kobold zombies (Ossuary)
  6 orc zombies (Ossuary)
  A quokka zombie (D:9)
  10 rats
  2 fungi
  3 plants
1813 creatures vanquished.

Vanquished Creatures (collateral kills)
  A deep elf blademaster (Elf:3)
  A deep elf master archer (Elf:3)
  Ilsuiw (Shoals:4)
  A vault warden (Vaults:4)
  3 deep elf sorcerers
  3 deep elf demonologists (Elf:3)
  2 deep elf annihilators (Elf:3)
  2 deep elf death magi
  A vault guard (Vaults:4)
  An entropy weaver (Spider:1)
  2 deep elf high priests (Elf:3)
  An ogre mage (Vaults:2)
  A satyr (Shoals:4)
  7 dancing weapons (Elf:2)
  A deep troll shaman (Vaults:4)
  2 orc high priests
  A shadow wraith (Vaults:4)
  10 deep elf knights
  7 skeletal warriors
  3 deep elf summoners (Elf:3)
  A hill giant (D:8)
  An ironbrand convoker (Vaults:3)
  3 deep elf conjurers (Elf:3)
  2 wolf spiders (Spider:4)
  An orc sorcerer (Orc:4)
  2 ugly things (D:14)
  2 orb spiders (Spider:1)
  2 orc knights (Vaults:2)
  2 water nymphs
  A siren (Shoals:4)
  Maurice (D:8)
  A gargoyle (D:12)
  A centaur skeleton (D:15)
  3 deep elf priests (Elf:3)
  2 jumping spiders (Spider:4)
  4 demonic crawlers
  A merfolk (Shoals:4)
  A merfolk (shapeshifter) (Vaults:2)
  A yaktaur (Vaults:2)
  3 two-headed ogres
  Sigmund (D:2)
  2 tarantellas
  A wyvern (D:13)
  3 trapdoor spiders
  5 deep elf magi
  4 redbacks
  3 water elementals
  A hungry ghost (D:13)
  A fire elemental (D:13)
  9 deep elf fighters
  A vampire (D:14)
  9 orc warriors
  6 spiders
  6 ogres
  An eye of draining (D:13)
  A necrophage (D:13)
  Blork the orc (D:5)
  An earth elemental (D:13)
  A gnoll sergeant (D:13)
  3 wights (D:9)
  An electric eel (Elf:3)
  A killer bee (D:13)
  A hound (D:14)
  3 orc priests
  2 gnolls
  11 orcs
  A fungus (Elf:3)
166 creatures vanquished.

Vanquished Creatures (others)
  A deep elf demonologist (Elf:3)
  9 dancing weapons
  3 ogre magi
  A deep elf knight (Elf:2)
  An air elemental (D:13)
  A water elemental (D:13)
  2 deep elf fighters
  A boggart (Vaults:1)
  4 orcs
  2 giant cockroaches (D:3)
  A kobold (D:3)
  A rat (D:3)
  A bush (Elf:3)
  11 fungi
  10 plants
  4 tentacles (Shoals:2)
  322 tentacle segments (Shoals:2)
375 creatures vanquished.

Grand Total: 2354 creatures vanquished

Notes
Turn   | Place    | Note
--------------------------------------------------------------
     0 | D:1      | dvd the Spriggan Enchanter began the quest for the Orb.
     0 | D:1      | Reached XP level 1. HP: 9/9 MP: 5/5
   395 | D:1      | Reached XP level 2. HP: 11/13 MP: 6/6
   399 | D:1      | Learned a level 2 spell: Ensorcelled Hibernation
   780 | D:1      | Reached skill level 5 in Stealth
  1011 | D:2      | Reached XP level 3. HP: 16/16 MP: 2/8
  1013 | D:2      | Found a white marble altar of Elyvilon.
  1014 | D:2      | Noticed Sigmund
  1261 | D:2      | Learned a level 3 spell: Confuse
  1778 | D:2      | Noticed Jessica
  1988 | D:2      | Reached XP level 4. HP: 13/21 MP: 1/9
  2527 | D:2      | Learned a level 3 spell: Tukima's Dance
  2559 | D:2      | Noticed Crazy Yiuf
  2566 | D:2      | Killed Crazy Yiuf
  2566 | D:2      | Reached skill level 1 in Ice Magic
  2723 | D:3      | Reached skill level 6 in Stealth
  2723 | D:3      | Reached XP level 5. HP: 13/25 MP: 2/11
  2980 | D:2      | Killed Sigmund
  2980 | D:2      | Reached skill level 5 in Hexes
  2980 | D:2      | Reached XP level 6. HP: 9/29 MP: 3/13
  3257 | D:3      | Found a stormy altar of Qazlal.
  3450 | D:3      | Found an iron altar of Okawaru.
  3598 | D:3      | Found a shadowy altar of Dithmenos.
  3608 | D:3      | Became a worshipper of Dithmenos the Shadowed
  4007 | D:4      | Reached skill level 7 in Stealth
  4016 | D:4      | Found a sand-covered staircase.
  4022 | Ossuary  | Entered an ossuary
  4107 | Ossuary  | Reached XP level 7. HP: 24/32 MP: 7/14
  4332 | Ossuary  | Reached * piety under Dithmenos
  4619 | Ossuary  | Reached skill level 1 in Fighting
  4661 | Ossuary  | Reached skill level 5 in Spellcasting
  4755 | D:4      | Noticed Eustachio
  4767 | D:4      | Killed Eustachio
  4767 | D:4      | Reached skill level 5 in Dodging
  4767 | D:4      | Reached skill level 8 in Stealth
  4888 | D:4      | Found Liycs's Antique Weapon Emporium.
  5348 | D:4      | Noticed Natasha
  5362 | D:4      | Killed Natasha
  5362 | D:4      | Reached XP level 8. HP: 37/37 MP: 10/17
  5397 | D:4      | Noticed Natasha
  5402 | D:4      | Killed Natasha
  5413 | D:4      | Reached skill level 9 in Stealth
  5503 | D:4      | Found a deep blue altar of Sif Muna.
  5743 | D:4      | Noticed Natasha
  5748 | D:4      | Killed Natasha
  6103 | D:5      | Entered Level 5 of the Dungeon
  6188 | D:5      | Found a glowing silver altar of Zin.
  6226 | D:5      | Reached ** piety under Dithmenos
  6260 | D:5      | Found a basalt altar of Yredelemnul.
  6268 | D:5      | Noticed Blork the orc
  6285 | D:5      | Killed Blork the orc
  6920 | D:5      | Reached skill level 10 in Stealth
  6995 | D:5      | Found a staircase to the Ecumenical Temple.
  7159 | Temple   | Entered the Ecumenical Temple
  7679 | D:6      | Reached *** piety under Dithmenos
  7800 | D:6      | Reached XP level 9. HP: 40/42 MP: 5/19
  7995 | D:6      | Reached skill level 11 in Stealth
  8150 | D:6      | Got a shimmering war axe
  8963 | D:7      | Reached skill level 12 in Stealth
  8979 | D:7      | Gained mutation: You are robust (+10% HP). [potion of beneficial mutation]
  9016 | D:7      | Found Nezadgh's Distillery.
  9339 | D:8      | Identified the +7 war axe "Tasu" {elec, *Noise rN+ Int+4} (You found it on level 6 of the Dungeon)
  9346 | D:8      | Reached skill level 13 in Stealth
  9348 | D:8      | Found a bloodstained altar of Trog.
  9381 | D:8      | Noticed Maurice
  9407 | D:8      | Killed Maurice
  9497 | D:8      | Reached XP level 10. HP: 44/50 MP: 1/22
 10146 | D:8      | Noticed a hill giant
 10155 | D:8      | Killed a hill giant
 10155 | D:8      | Reached **** piety under Dithmenos
 10626 | D:9      | Noticed Erica
 10632 | D:9      | Killed Erica
 10632 | D:9      | Reached skill level 14 in Stealth
 10634 | D:9      | Reached skill level 1 in Bows
 11324 | D:9      | Reached XP level 11. HP: 56/56 MP: 20/25
 11436 | D:9      | Learned a level 1 spell: Beastly Appendage
 11616 | D:10     | Entered Level 10 of the Dungeon
 11616 | D:10     | Found a large runed door.
 11616 | D:10     | Found a large runed door.
 11688 | D:10     | Reached skill level 15 in Stealth
 11688 | D:10     | Reached skill level 5 in Ice Magic
 11690 | D:10     | Reached skill level 10 in Spellcasting
 12224 | D:10     | Noticed an unseen horror
 12239 | D:10     | Killed an unseen horror
 12431 | D:10     | Found a large runed door.
 12431 | D:10     | Found a large runed door.
 12537 | D:10     | Gained mutation: Your flesh is heat resistant. [potion of beneficial mutation]
 12713 | D:11     | Reached skill level 1 in Transmutations
 12755 | D:11     | Found Rileaxte's Jewellery Boutique.
 12770 | D:11     | Noticed Harold
 12774 | D:11     | Killed Harold
 12797 | D:11     | Noticed a seven-headed hydra
 12800 | D:11     | Killed a seven-headed hydra
 12800 | D:11     | Reached skill level 16 in Stealth
 12872 | D:11     | Reached skill level 10 in Hexes
 12877 | D:11     | Noticed Snorg
 12885 | D:11     | Killed Snorg
 12885 | D:11     | Reached skill level 1 in Invocations
 13013 | D:11     | Noticed a hill giant
 13017 | D:11     | Killed a hill giant
 13033 | D:11     | Reached skill level 17 in Stealth
 13157 | D:11     | Found a frozen archway.
 13255 | IceCv    | Entered an ice cave
 13257 | IceCv    | Reached XP level 12. HP: 46/61 MP: 22/27
 13486 | D:11     | Noticed a six-headed hydra
 13489 | D:11     | Killed a six-headed hydra
 13498 | D:11     | Found a staircase to the Lair.
 13526 | Lair:1   | Entered Level 1 of the Lair of Beasts
 13689 | Lair:1   | Noticed Sonja
 13694 | Lair:1   | Killed Sonja
 13821 | Lair:1   | Learned a level 2 spell: Stoneskin
 14423 | Lair:2   | Reached skill level 18 in Stealth
 14673 | Lair:2   | Noticed Fannar
 14719 | Lair:2   | Killed Fannar
 15092 | Lair:2   | Noticed a six-headed hydra
 15099 | Lair:2   | Killed a six-headed hydra
 15251 | Lair:3   | Reached skill level 5 in Short Blades
 15414 | Lair:3   | Noticed a six-headed hydra
 15422 | Lair:3   | Killed a six-headed hydra
 15724 | Lair:3   | Noticed a four-headed hydra
 15820 | Lair:3   | Killed a four-headed hydra
 15820 | Lair:3   | Reached skill level 10 in Dodging
 16051 | Lair:4   | Noticed an eight-headed hydra
 16234 | Lair:3   | Killed an eight-headed hydra
 16234 | Lair:3   | Reached skill level 1 in Earth Magic
 16407 | Lair:4   | Reached XP level 13. HP: 66/66 MP: 30/30
 16742 | Lair:4   | Reached skill level 19 in Stealth
 16824 | Lair:4   | Found a hole to the Spider Nest.
 17179 | Lair:4   | Learned a level 4 spell: Ice Form
 17851 | Lair:4   | Found a staircase to the Shoals.
 17997 | Lair:4   | Noticed a catoblepas
 18000 | Lair:4   | Killed a catoblepas
 18396 | Lair:5   | Reached ***** piety under Dithmenos
 19150 | Lair:5   | Reached skill level 20 in Stealth
 19743 | Lair:6   | Noticed 1viktor's ghost (journeyman MiFi)
 19779 | Lair:6   | Identified a scroll of acquirement
 19780 | Lair:6   | Identified the Collected Works on the Harmful Snowflakes (You acquired it on level 6 of the Lair of Beasts)
 19785 | Lair:6   | Learned a level 3 spell: Ozocubu's Armour
 19791 | Lair:6   | Learned a level 4 spell: Condensation Shield
 19798 | Lair:6   | Learned a level 5 spell: Metabolic Englaciation
 19887 | Lair:6   | Found a staircase to the Slime Pits.
 19889 | Lair:6   | Found a viscous altar of Jiyva.
 20346 | Lair:6   | Killed 1viktor's ghost
 20667 | Lair:6   | Reached XP level 14. HP: 50/71 MP: 6/32
 21567 | Lair:7   | Found a dark tunnel.
 21667 | Volcano  | Entered a volcano
 21900 | Volcano  | Found a burning altar of Makhleb.
 22164 | Lair:7   | Learned a level 6 spell: Mass Confusion
 22449 | Lair:7   | Reached skill level 1 in Evocations
 22851 | Lair:7   | Reached skill level 21 in Stealth
 23007 | Lair:7   | Reached ****** piety under Dithmenos
 23664 | Lair:8   | Entered Level 8 of the Lair of Beasts
 23710 | Lair:8   | Reached skill level 1 in Charms
 24795 | Lair:8   | Reached XP level 15. HP: 77/77 MP: 25/34
 25693 | Lair:8   | Learned a level 5 spell: Summon Mana Viper
 25895 | Lair:8   | Found a burning altar of Makhleb.
 25897 | Lair:8   | Found a gateway to Hell.
 25913 | Lair:8   | Reached skill level 22 in Stealth
 25925 | Lair:8   | Got a brightly glowing hat
 25945 | Lair:8   | Identified the +2 hat "Raecoddi" {rPois} (You found it on level 8 of the Lair of Beasts)
 26485 | D:12     | Found a staircase to the Orcish Mines.
 26648 | D:12     | Learned a level 2 spell: Repel Missiles
 26651 | D:12     | Learned a level 2 spell: Blink
 27249 | Orc:1    | Entered Level 1 of the Orcish Mines
 27684 | Orc:1    | Found Wilab's Book Emporium.
 28232 | Orc:3    | Found a staircase to the Elven Halls.
 29154 | Orc:4    | Entered Level 4 of the Orcish Mines
 29159 | Orc:4    | Found Igyad's Antique Weapon Shop.
 29159 | Orc:4    | Found Jupal's Gadget Shoppe.
 29159 | Orc:4    | Found Quodukul's Antique Armour Shoppe.
 29159 | Orc:4    | Found Homun's Gadget Boutique.
 29561 | Orc:4    | Reached skill level 15 in Spellcasting
 30853 | Elf:1    | Entered Level 1 of the Elven Halls
 31419 | Elf:1    | Found a portal to a secret trove of treasure.
 31690 | Elf:1    | Found Noqia's Food Emporium.
 32465 | Elf:2    | Reached XP level 16. HP: 45/81 MP: 4/36
 32562 | Elf:2    | Found a runed gate.
 32562 | Elf:2    | Found a runed gate.
 32562 | Elf:2    | Found a runed gate.
 32591 | Elf:2    | Reached skill level 23 in Stealth
 32962 | Elf:2    | Found Iticekh's Antique Armour Shop.
 33396 | Elf:2    | Noticed Donald
 33566 | Elf:2    | Killed Donald
 33722 | Elf:2    | Reached skill level 1 in Summonings
 34710 | Elf:3    | Entered Level 3 of the Elven Halls
 35394 | Elf:3    | Reached skill level 1 in Air Magic
 35394 | Elf:3    | Reached XP level 17. HP: 86/86 MP: 38/38
 35757 | Elf:3    | Identified the Tome of Moulding (You acquired it on level 3 of the Elven Halls)
 35906 | Elf:3    | Noticed a deep elf master archer
 36169 | Elf:3    | Noticed a deep elf blademaster
 36188 | Elf:3    | Killed a deep elf blademaster
 37019 | Elf:3    | Got a pitted lead ring
 37021 | Elf:3    | Lost strength.
 37021 | Elf:3    | Identified the ring of Xesapp {+Fly rPois rC+ MP+9 Str-5} (You took it off a deep elf conjurer on level 3 of the Elven Halls)
 37053 | Elf:3    | Got a sparkling lead ring
 37055 | Elf:3    | Identified the ring "Xouwne" {rF+ Int+4} (You took it off a deep elf fighter on level 3 of the Elven Halls)
 37099 | Elf:3    | Noticed an Ice Fiend
 37584 | Elf:3    | Noticed a deep elf master archer
 37611 | Elf:3    | Killed a deep elf master archer
 37781 | Elf:3    | Noticed a deep elf blademaster
 37875 | Elf:3    | Killed a deep elf blademaster
 38205 | Elf:3    | Identified the Grimoire of Augmentations (You found it on level 3 of the Elven Halls)
 38230 | Elf:3    | Identified the Incunabulum of Shape Shifting and Snow
 38251 | Elf:3    | Identified Asmodeus's Reference Book on the Escort (You found it on level 3 of the Elven Halls)
 38256 | Elf:3    | Learned a level 3 spell: Regeneration
 38259 | Elf:3    | Learned a level 2 spell: Shroud of Golubria
 38460 | Elf:3    | Killed a deep elf master archer
 39213 | Elf:3    | Learned a level 4 spell: Summon Ice Beast
 39311 | Elf:3    | Reached skill level 5 in Fighting
 39689 | Elf:3    | Got a clouded bronze ring
 39874 | D:12     | Lost strength.
 39874 | D:12     | Identified the ring of Budahaj {Wiz rC+ Str-5 Int+7} (You took it off a deep elf demonologist on level 3 of the Elven Halls)
 40044 | D:13     | Found Plog's Food Boutique.
 40049 | D:13     | Found a gate to the Vaults.
 40055 | D:13     | Reached XP level 18. HP: 92/92 MP: 34/39
 40779 | D:13     | Found a large runed door.
 40780 | D:13     | Found a large runed door.
 41660 | D:14     | Reached skill level 15 in Dodging
 42554 | D:15     | Entered Level 15 of the Dungeon
 42590 | D:15     | Reached skill level 24 in Stealth
 42666 | D:15     | Reached skill level 1 in Necromancy
 42762 | D:15     | Found Hutti's Book Boutique.
 42859 | D:15     | Found Qigh's Assorted Antiques.
 42920 | D:15     | Reached skill level 5 in Charms
 43254 | D:15     | Found Samnit's Assorted Antiques.
 43254 | D:15     | Found Vaiminot's Weapon Shoppe.
 43368 | D:15     | Found a staircase to the Depths.
 43408 | D:15     | Reached skill level 5 in Summonings
 43614 | D:15     | Upgraded the game from 0.17-b1-15-g0f5fb43 to 0.17-b1-20-g63edfd6
 43915 | Spider:1 | Entered Level 1 of the Spider Nest
 45885 | Spider:2 | Noticed Arachne
 45901 | Spider:2 | Killed Arachne
 46297 | Spider:2 | Reached XP level 19. HP: 96/96 MP: 28/41
 47500 | Spider:4 | Entered Level 4 of the Spider Nest
 49012 | Spider:4 | Reached skill level 25 in Stealth
 49498 | Spider:4 | Reached skill level 5 in Necromancy
 49691 | Spider:4 | Got a gossamer rune of Zot
 50079 | Shoals:1 | Entered Level 1 of the Shoals
 50752 | Shoals:2 | Identified a +0 rod of the swarm (11/11) (You found it on level 2 of the Shoals)
 51180 | Shoals:2 | Reached skill level 5 in Bows
 51700 | Shoals:3 | Noticed Polyphemus
 51703 | Shoals:3 | Killed Polyphemus
 51898 | Shoals:3 | Found a sacrificial altar of Ru.
 52006 | Shoals:3 | Reached skill level 10 in Charms
 52570 | Shoals:4 | Entered Level 4 of the Shoals
 52615 | Shoals:4 | Learned a level 3 spell: Spectral Weapon
 52647 | Shoals:4 | Noticed Jorgrun
 52650 | Shoals:4 | Killed Jorgrun
 53219 | Shoals:4 | Reached skill level 15 in Hexes
 53228 | Shoals:4 | Reached XP level 20. HP: 88/102 MP: 23/42
 53424 | Shoals:4 | Noticed Ilsuiw
 54310 | Shoals:4 | Killed Ilsuiw
 54455 | Shoals:4 | Got a barnacled rune of Zot
 55306 | D:11     | Learned a level 5 spell: Aura of Abjuration
 55362 | Vaults:1 | Entered Level 1 of the Vaults
 56157 | Vaults:1 | Found Focyzo's General Store.
 56250 | Vaults:1 | Reached skill level 26 in Stealth
 57797 | Vaults:2 | Found Uschuureohacw's Weapon Shop.
 58318 | D:11     | Learned a level 6 spell: Ozocubu's Refrigeration
 59070 | Vaults:2 | Reached XP level 21. HP: 107/107 MP: 40/44
 59145 | Vaults:2 | Found Upsioc Quzxo's Armour Boutique.
 59435 | Vaults:3 | Noticed hexophile's ghost (adept MfFi)
 59769 | Vaults:3 | Killed hexophile's ghost
 59910 | Vaults:3 | Reached skill level 10 in Ice Magic
 60379 | Vaults:3 | Found a staircase to the Crypt.
 61706 | Vaults:4 | Found Raod's Jewellery Shoppe.
 61710 | Vaults:4 | Bought an uncursed amulet of clarity for 420 gold pieces
 62302 | Vaults:4 | Found Okloptoa's Jewellery Boutique.
 62438 | Vaults:4 | Slain by a vault warden

Action                   |  1- 3 |  4- 6 |  7- 9 | 10-12 | 13-15 | 16-18 | 19-21 || total
-------------------------+-------+-------+-------+-------+-------+-------+-------++-------
Melee: Dagger            |    79 |    22 |    91 |    69 |    24 |       |       ||   285
       Short sword       |       |    81 |   206 |   319 |  1147 |  1021 |  1439 ||  4213
       Unarmed           |       |       |       |       |     5 |       |       ||     5
       Quick blade       |       |       |       |       |       |    30 |       ||    30
 Fire: Shortbow          |       |       |       |    66 |    59 |     2 |    49 ||   176
Throw: Tomahawk          |       |       |       |       |     3 |     3 |       ||     6
 Cast: Corona            |     8 |       |       |       |       |       |       ||     8
       Ensorcelled Hiber |    34 |    34 |    78 |   153 |   329 |   120 |   240 ||   988
       Tukima's Dance    |       |     3 |    10 |    13 |    13 |    64 |    35 ||   138
       Confuse           |       |     1 |    20 |    18 |    25 |    36 |    67 ||   167
       Beastly Appendage |       |       |       |     8 |       |       |       ||     8
       Stoneskin         |       |       |       |    13 |    14 |       |       ||    27
       Ozocubu's Armour  |       |       |       |       |    62 |    68 |    85 ||   215
       Condensation Shie |       |       |       |       |    27 |    29 |    24 ||    80
       Metabolic Englaci |       |       |       |       |    16 |     5 |     1 ||    22
       Ice Form          |       |       |       |       |     1 |       |       ||     1
       Mass Confusion    |       |       |       |       |    29 |    19 |    51 ||    99
       Summon Mana Viper |       |       |       |       |    10 |    71 |    29 ||   110
       Blink             |       |       |       |       |     7 |    12 |     3 ||    22
       Repel Missiles    |       |       |       |       |     2 |     2 |     4 ||     8
       Regeneration      |       |       |       |       |       |    22 |    44 ||    66
       Summon Ice Beast  |       |       |       |       |       |    19 |    27 ||    46
       Shroud of Golubri |       |       |       |       |       |     8 |     2 ||    10
       Aura of Abjuratio |       |       |       |       |       |       |     7 ||     7
       Ozocubu's Refrige |       |       |       |       |       |       |     1 ||     1
       Spectral Weapon   |       |       |       |       |       |       |     1 ||     1
Invok: Shadow Step       |       |       |     2 |    11 |     9 |    12 |    16 ||    50
Evoke: Wand              |       |       |       |     5 |    12 |     6 |     8 ||    31
  Use: Scroll            |     6 |       |     7 |    12 |    18 |    12 |    13 ||    68
       Potion            |       |       |    14 |     2 |     7 |     8 |    11 ||    42
 Stab: Sleeping          |    26 |    25 |    96 |   154 |   365 |   190 |   303 ||  1159
       Confused          |       |     2 |     9 |    17 |    25 |    42 |   118 ||   213
       Distracted        |       |       |       |     1 |     5 |    29 |    15 ||    50
  Eat: Bread ration      |     1 |       |     1 |       |     3 |     2 |     1 ||     8
       Pizza             |       |       |     1 |     1 |       |     3 |     2 ||     7
       Royal jelly       |       |       |       |     1 |     3 |       |     5 ||     9
       Fruit             |       |       |       |     1 |     5 |     2 |       ||     8
